 Dungeon Crawl Stone Soup version 0.30.0-19-g36f170ea60 (webtiles) character file.

Game seed: 13298131036687673434

35 cdecastro the Cudgeller (level 3, -1/24 (31) HPs)
             Began as a Minotaur Fighter on May 27, 2023.
             Slain by Jessica
             ... wielding a +4 club
              (5 damage)
             ... on level 2 of the Dungeon.
             The game lasted 00:01:26 (791 turns).

cdecastro the Cudgeller (Minotaur Fighter)           Turns: 791, Time: 00:01:27

HP:   -1/24 (31)    AC:  6    Str: 22    XL:     3   Next: 17%
MP:   2/2           EV:  9    Int:  5    God:
Gold: 31            SH:  0    Dex:  9    Spells: 2/2 levels left

rFire   . . .        a - +0 flail
rCold   + . .        (no shield)
rNeg    . . .        b - +0 scale mail
rPois   .            (helmet restricted)
rElec   .            (no cloak)
rCorr   .            (no gloves)
SInv    .            (no boots)
Will    .....        (no amulet) Stlth
                     j - ring of flight
HPRegen 0.24/turn    m - ring of protection from cold
MPRegen 0.08/turn

%: no passive effects
@: flying, heavily drained
A: horns 2, retaliatory headbutt
a: no special abilities


You were on level 2 of the Dungeon.
You visited 1 branch of the dungeon, and saw 2 of its levels.

You collected 31 gold pieces.

Inventory:

Hand Weapons
 a - a +0 flail (weapon)
Missiles
 f - a throwing net (quivered)
Armour
 b - a +0 scale mail (worn)
 c - a +0 buckler
Jewellery
 j - a ring of flight (left hand)
 m - a ring of protection from cold (right hand)
Scrolls
 g - a scroll of immolation {unknown}
 l - a scroll of acquirement {unknown}
Potions
 d - a potion of might
 e - 2 potions of flight {unknown}
 h - a potion of brilliance
 i - a potion of curing {unknown}
 k - a potion of attraction {unknown}


   Skills:
 - Level 3.6 Fighting
 + Level 4.5 Maces & Flails
 - Level 3.6 Armour
 - Level 3.6 Shields


You had 2 spell levels left.
You didn't know any spells.
Your spell library was empty.

Dungeon Overview and Level Annotations

Branches:
Dungeon (2/15)

Altars:

Annotations:
D:2 Jessica


Innate Abilities, Weirdness & Mutations

You have a pair of horns on your head.
You reflexively headbutt those who attack you in melee.


Message History

A rat is nearby!
A rat is nearby!
A rat is nearby!
A rat is nearby!
The rat bites you but does no damage.
You sock the rat!
You kill the rat!
No target in view!
No target in view!
You see here a rat corpse.
m - a ring of protection from cold
m - a ring of protection from cold (right hand) Jessica the Apprentice Sorceress comes into view.
She is wielding a +4 club and wearing a +2 robe of willpower.
Jessica drinks a potion.
Jessica's spells are empowered!
Jessica is nearby!
Jessica is nearby!
Jessica is nearby!
Jessica mumbles some strange words.
Jessica blinks!
You sock the bush!
The bush is lightly damaged.
You hit the bush. You headbutt the bush!
The bush is lightly damaged.
Jessica gestures wildly while chanting.
Jessica blinks!
Jessica hits you with a +4 club.
You hit Jessica but do no damage. Your headbutt misses Jessica.
Jessica points at you and mumbles some strange words.
Pain shoots through your body!
Ouch! That really hurt!
* * * LOW HITPOINT WARNING * * *
You are too injured to fight recklessly!
You are too injured to fight recklessly!
You closely miss Jessica. Jessica hits you with a +4 club.
* * * LOW HITPOINT WARNING * * *
You barely miss Jessica. Jessica hits you but does no damage.
You closely miss Jessica. You headbutt Jessica.
Jessica is lightly wounded.
Jessica hits you with a +4 club.
You die...

## #. .########## ♣.
..........# ♣♣♣.♣♣
♣........#
♣♣PP.PP♣♣........# #
♣PP...PP♣♣.......###
..♣♣P.....P♣♣.@......>#
......⌠......@.....#
♣P.....P♣♣.......#
♣PP..@PP♣♣..#..#.#
♣PP.PP♣♣...#..#.#
♣♣♣.♣♣♣♣...#....#
♣@♣♣.....#..#<#
#†.#....##.##.#
##.#######....# #.#
######


You could see Jessica.

Vanquished Creatures
  3 dart slugs (D:1)
  2 endoplasms
  4 goblins (D:1)
  4 hobgoblins (D:1)
  2 quokkas (D:1)
  4 bats (D:1)
  2 frilled lizards (D:1)
  3 kobolds (D:1)
  4 rats
28 creatures vanquished.

Notes
Turn   | Place    | Note
-------+----------+-------------------------------------------
     0 | D:1      | cdecastro the Minotaur Fighter began the quest for the Orb.
     0 | D:1      | Reached XP level 1. HP: 19/19 MP: 0/0
    66 | D:1      | Reached skill level 3 in Maces & Flails
    72 | D:1      | Reached XP level 2. HP: 26/26 MP: 1/1
   215 | D:1      | Reached skill level 4 in Maces & Flails
   351 | D:1      | Reached XP level 3. HP: 30/31 MP: 2/2
   767 | D:2      | Noticed Jessica
   791 | D:2      | Slain by Jessica

Illustrated notes

Levels and vault maps discovered:
D:1:      dpeg_arrival_leaves_temple_mockup, layout_basic,
          amcnicky_mini_rare_corridor_liquid, minmay_misc_feat_cross,
          minmay_domino_2
D:2:      layout_basic, serial_forest, infiniplex_forest_clump_curved,
          infiniplex_forest_lined_room_2, infiniplex_forest_clump_large,
          infiniplex_forest_fountain, infiniplex_forest_lined_2,
          nicolae_ecumenical_snake_handling, grunt_ministairs_14, uniq_jessica

Skill      XL: |  1  2 |
---------------+-------+-----
Maces & Flails | 3 4 |  4.5
Fighting       | |  3.6
Armour         | |  3.6
Shields        | |  3.6

Action                     || total
---------------------------++-------
  Melee: Flail             ||    64
         Headbutt          ||     9
 Armour: Scale mail        ||    28
  Dodge: Dodged            ||    27
